 Dungeon Crawl Stone Soup version 0.30.2 (webtiles) character file.

Game seed: 14919082314597825539

883 porpoise the Skirmisher (level 7, -6/62 HPs)
             Began as a Minotaur Hunter on Jan 26, 2024.
             Was a Believer of Fedhas.
             Mangled by Prince Ribbit (16 damage)
             ... on level 5 of the Dungeon.
             The game lasted 00:14:44 (4414 turns).

porpoise the Skirmisher (Minotaur Hunter)           Turns: 4414, Time: 00:14:44

Health: -6/62      AC:  4    Str: 15    XL:     7   Next: 76%
Magic:  8/8        EV: 12    Int:  6    God:    Fedhas [**....]
Gold:   248        SH:  0    Dex: 16    Spells: 6/6 levels left

rFire   . . .        a - +1 shortbow
rCold   . . .        (shield currently unavailable)
rNeg    . . .        C - +0 leather armour {rPois}
rPois   +            (helmet restricted)
rElec   .            e - +0 cloak
rCorr   .            (no gloves)
SInv    .            (no boots)
Will    .....        (no amulet)
Stlth   +            (no ring)
HPRegen 0.30/turn    (no ring)
MPRegen 0.11/turn

%: no passive effects
@: no status effects
A: horns 2, retaliatory headbutt
a: Renounce Religion, Wall of Briars


You were on level 5 of the Dungeon.
You worshipped Fedhas.
Fedhas was pleased with you.
You visited 1 branch of the dungeon, and saw 6 of its levels.

You collected 248 gold pieces.

Inventory:

Hand Weapons
 a - a +1 shortbow (weapon)
 b - a +1 heavy spear
 c - a +0 battleaxe
 u - a +0 war axe
Missiles
 d - 9 boomerangs
 k - 2 javelins
 A - 3 throwing nets
Armour
 e - a +0 cloak (worn)
 m - a +0 buckler
 q - a +0 ring mail
 w - the +1 buckler of Insatiable Hunger {Contam Str+3 Int+5}
   (You found it on level 3 of the Dungeon)

   Str:       It affects your strength (+3).
   Int:       It affects your intelligence (+5).
   Contam:    It causes magical contamination when unequipped.
 C - a +0 leather armour of poison resistance (worn)
Jewellery
 n - a +6 ring of intelligence
 t - a +6 ring of intelligence
 D - an amulet of faith
Wands
 x - a wand of polymorph (10)
Scrolls
 f - 2 scrolls of immolation
 o - 2 scrolls of amnesia
 p - 2 scrolls of enchant weapon
 v - 3 scrolls of teleportation
 y - a scroll of poison
Potions
 g - 2 potions of magic
 h - 3 potions of mutation
 i - a potion of heal wounds
 j - 5 potions of flight
 l - a potion of might {unknown}
 r - a potion of attraction {unknown}
 s - 4 potions of curing
 z - 2 potions of ambrosia
 B - a potion of lignification {unknown}


   Skills:
 + Level 5.7 Fighting
 * Level 8.2 Ranged Weapons
 - Level 2.0 Armour
 - Level 2.1 Dodging
 - Level 0.7 Stealth
 + Level 3.5 Invocations


You had 6 spell levels left.
You didn't know any spells.
Your spell library contained the following spells:

 Spells                   Type           Power      Damage    Failure   Level
 Apportation              Tloc           0%         N/A       52%         1
 Kiss of Death            Conj/Necr      0%         2d5       52%         1
 Necrotise                Necr           0%         1d4       52%         1
 Summon Small Mammal      Summ           0%         N/A       52%         1
 Call Canine Familiar     Summ           0%         N/A       88%         3
 Portal Projectile        Hex/Tloc       0%         N/A       88%         3
 Animate Dead             Necr           0%         N/A       99%         4
 Leda's Liquefaction      Hex/Erth       0%         N/A       99%         4
 Haunt                    Necr/Summ      0%         N/A       100%        7
 Infestation              Necr           0%         N/A       100%        8


Dungeon Overview and Level Annotations

Branches:
Dungeon (6/15)             Temple (0/1) D:6

Altars:
Elyvilon
Fedhas
Gozag
Hepliaklqana
Qazlal
Ru
Sif Muna
Trog
Xom
Yredelemnul
The Shining One

Shops:
D:2 =([[

Annotations:
D:4 3 runed translucent doors, rundlesten's ghost, weakling OpHW
D:5 Prince Ribbit


Innate Abilities, Weirdness & Mutations

You have a pair of horns on your head.
You reflexively headbutt those who attack you in melee.


Message History

You shoot an arrow. The arrow hits the gnoll!
You kill the gnoll!
Fedhas appreciates your contribution to the ecosystem.
You start resting.
HP restored.
You climb downwards.
Level annotation: Prince Ribbit Prince Ribbit hits you!
The gnoll hits you from afar with a +0 spear!
Prince Ribbit hits you. The gnoll closely misses you.
The gnoll hits you from afar with a +0 spear.
There is a stone staircase leading up here.
Prince Ribbit misses you.
The gnoll hits you from afar with a +0 spear. x2
You climb upwards.
There is a stone staircase leading down, spattered with blood here.
You shoot an arrow. The arrow hits Prince Ribbit!
Prince Ribbit is moderately wounded.
Prince Ribbit hits you!
* * * LOW HITPOINT WARNING * * *
Prince Ribbit hits you!
* * * LOW HITPOINT WARNING * * *
You are too injured to fight recklessly!
You are too injured to fight recklessly!
You are too injured to fight recklessly!
You shoot an arrow. The arrow misses Prince Ribbit.
Prince Ribbit says, "You're just another fly to me."
Prince Ribbit closely misses you. You furiously retaliate!
You headbutt Prince Ribbit! You shoot an arrow.
The arrow barely misses Prince Ribbit.
Prince Ribbit hits you.
* * * LOW HITPOINT WARNING * * *
Prince Ribbit barely misses you.
You shoot an arrow. The arrow hits Prince Ribbit.
Prince Ribbit is severely wounded.
Prince Ribbit closely misses you.
You shoot an arrow. The arrow barely misses Prince Ribbit.
Prince Ribbit barely misses you. Prince Ribbit hits you!
You die...
Fedhas appreciates your contribution to the ecosystem.

##########....##..
#....##.. ########
#........ ##..##..##
###.#....
##........#####.#..#.
#...........##)....#.
#..........)#........
##.).F....#)..##.....
##..@.....#..###.....
#..........[.# #.....
#............# #.....
##........#..######.#
##..##..##....####.#
##.........#.......
#.........#####...
#.........####..##
#.........#.......


You could see Prince Ribbit.

Vanquished Creatures
  An ogre (D:5)
  A gnoll sergeant (D:6)
  2 scorpions
  3 hounds
  A gnoll bouda (D:5)
  An orc priest (D:6)
  A jelly (D:5)
  Jessica (D:2)
  3 iguanas (D:5)
  2 orc wizards (D:6)
  12 gnolls
  9 adders
  A dart slug (D:4)
  4 worms
  8 orcs
  8 ball pythons
  8 endoplasms
  3 giant cockroaches
  11 goblins
  3 hobgoblins
  2 jackals (D:1)
  2 quokkas
  7 bats
  A frilled lizard (D:1)
  9 kobolds
  8 rats
112 creatures vanquished.

Vanquished Creatures (others)
  A quokka (D:6)
1 creature vanquished.

Grand Total: 113 creatures vanquished

Notes
Turn   | Place    | Note
-------+----------+-------------------------------------------
     0 | D:1      | porpoise the Minotaur Hunter began the quest for the Orb.
     0 | D:1      | Reached XP level 1. HP: 18/18 MP: 0/0
   163 | D:1      | Reached XP level 2. HP: 25/25 MP: 1/1
   292 | D:1      | Reached skill level 5 in Ranged Weapons
   310 | D:1      | Found a faded altar of an unknown god.
   317 | D:1      | Got Plato's Incunabulum of Darkness
   438 | D:1      | Reached XP level 3. HP: 31/31 MP: 2/2
   827 | D:2      | Found Pecih's Book Shop.
   827 | D:2      | Noticed a walking divine tome
   837 | D:2      | Noticed a walking earthen tome
   849 | D:2      | Found Hyvosi's Armour Shoppe.
   938 | D:2      | Found a blossoming altar of Fedhas.
   954 | D:2      | Became a worshipper of Fedhas Madash
   978 | D:2      | Found Taequh's Antique Armour Shop.
  1059 | D:2      | Found Puugh's Weapon Shop.
  1064 | D:2      | Found Qeimnie's Jewellery Emporium.
  1072 | D:2      | Noticed Jessica
  1075 | D:2      | Killed Jessica
  1076 | D:2      | Reached XP level 4. HP: 40/40 MP: 3/3
  1862 | D:3      | Reached skill level 6 in Ranged Weapons
  1862 | D:3      | Reached skill level 1 in Invocations
  1938 | D:3      | Identified the +1 buckler of Insatiable Hunger {Contam
                  | Str+3 Int+5}
  1971 | D:3      | Found a sacrificial altar of Ru.
  2017 | D:3      | Found a glowing golden altar of the Shining One.
  2102 | D:4      | Reached * piety under Fedhas
  2141 | D:4      | Reached XP level 5. HP: 44/46 MP: 4/4
  2195 | D:4      | Found a runed translucent gate.
  2195 | D:4      | Found a runed translucent gate.
  2196 | D:4      | Found a runed translucent gate.
  2196 | D:4      | Noticed a water moccasin
  2196 | D:4      | Noticed rundlesten's ghost (weakling OpHW)
  2245 | D:4      | Found a shimmering altar of Xom.
  2252 | D:4      | Found a basalt altar of Yredelemnul.
  2255 | D:4      | Found an opulent altar of Gozag.
  2349 | D:4      | Found a stormy altar of Qazlal.
  2355 | D:4      | Found a hazy altar of Hepliaklqana.
  2375 | D:4      | Found a shimmering blue altar of Sif Muna.
  2616 | D:4      | Found a bloodstained altar of Trog.
  2666 | D:5      | Entered Level 5 of the Dungeon
  2956 | D:5      | Reached XP level 6. HP: 53/53 MP: 6/6
  3073 | D:5      | Reached skill level 7 in Ranged Weapons
  3238 | D:5      | Found a blossoming altar of Fedhas.
  3257 | D:5      | Reached skill level 5 in Fighting
  3291 | D:5      | Reached XP level 7. HP: 46/61 MP: 6/8
  3298 | D:5      | Reached ** piety under Fedhas
  3300 | D:5      | Reached skill level 1 in Armour
  3719 | D:6      | Found a white marble altar of Elyvilon.
  3848 | D:6      | Reached skill level 8 in Ranged Weapons
  4269 | D:6      | Found a staircase to the Ecumenical Temple.
  4297 | D:6      | Noticed Prince Ribbit
  4414 | D:5      | Mangled by Prince Ribbit

Illustrated notes

Levels and vault maps discovered:
D:1:      lightli_arrival_flooded_house, layout_rooms,
          shapermc_ecumenical_altar_rom_forum, grunt_decor_clamped
D:2:      layout_loops_ring, serial_shops, shop, shop,
          nicolae_shop_just_a_little_nook, nicolae_shop_mannequins, shop,
          basic_altar, uniq_jessica
D:3:      layout_basic, mainiacjoe_overflow_six_doors_small, tso_altar,
          serial_forest, infiniplex_forest_zigzag_1,
          infiniplex_forest_clump_double, infiniplex_forest_clump_tiny,
          infiniplex_forest_straight_2, infiniplex_forest_clump_double,
          infiniplex_forest_clump_curved, infiniplex_forest_clump_double,
          infiniplex_forest_clump_double, infiniplex_forest_clump_double,
          nrook_uturn, minmay_cupped
D:4:      layout_cave_pools, nicolae_sif_muna_condensation,
          chequers_temple_overflow_statue_of_worship,
          mainiacjoe_overflow_alcove_2, grunt_temple_overflow_diamond,
          gammafunk_ghost_split, kennysheep_flooded_box
D:5:      layout_rooms, lemuel_doored_altar, st_stairs_5
D:6:      layout_rooms, elyvilon_altar_4, minmay_temple_entry_crystal_x,
          serial_corexii_hall, corexii_hall_statues_u, chequers_hall_statues_y,
          hangedman_decor_clover_reticule, uniq_prince_ribbit1

Skill      XL: |  1  2  3  4  5  6  7 |
---------------+----------------------+-----
Fighting       | 3 4 5 |  5.7
Ranged Weapons | 5 6 7 8 |  8.2
Invocations    | 1 2 3 |  3.5
Armour         | 2 |  2.0
Dodging        | |  2.1
Stealth        | |  0.7

Action                     |  1- 3 |  4- 6 |  7- 9 || total
---------------------------+-------+-------+-------++-------
   Fire: Shortbow          |    95 |   164 |   107 ||   366
    Use: Scroll            |       |     8 |     2 ||    10
         Potion            |       |     2 |       ||     2
 Armour: Leather armour    |     8 |    10 |    11 ||    29
         Ring mail         |       |     5 |     1 ||     6
  Dodge: Dodged            |    29 |    38 |    43 ||   110
